 Dungeon Crawl Stone Soup version 0.31-a0-846-gb3bcc0d938 (webtiles) character file.

Game seed: 3160073726133905710

86 Nedwor the Cutter (level 4, -6/34 HPs)
             Began as a Demonspawn Gladiator on Oct 4, 2023.
             Killed from afar by an orc wizard (7 damage)
             ... with a puff of flame
             ... on level 3 of the Dungeon.
             The game lasted 00:02:21 (1459 turns).

Nedwor the Cutter (Demonspawn Gladiator)            Turns: 1459, Time: 00:02:21

Health: -6/34      AC:  6    Str: 14    XL:     4   Next: 27%
Magic:  4/4        EV: 12    Int:  9    God:
Gold:   109        SH:  0    Dex: 17    Spells: 3/3 levels left

rFire   . . .        a - +0 rapier
rCold   . . .        (no shield)
rNeg    . . .        h - +0 ring mail
rPois   .            (helmet restricted)
rElec   .            g - +0 cloak
rCorr   .            (no gloves)
SInv    .            (no boots)
Will    .....        (no amulet)
Stlth   +            (no ring)
HPRegen 0.25/turn    (no ring)
MPRegen 0.09/turn

%: no passive effects
@: no status effects
A: antennae 2
a: no special abilities


You were on level 3 of the Dungeon.
You visited 1 branch of the dungeon, and saw 3 of its levels.

You collected 109 gold pieces.

Inventory:

Hand Weapons
 a - a +0 rapier (weapon)
Missiles
 d - 3 throwing nets (quivered)
 e - a javelin
Armour
 c - a +0 helmet
 g - a +0 cloak (worn)
 h - a +0 ring mail (worn)
Jewellery
 b - a ring of resist corrosion
Scrolls
 f - 2 scrolls of identify {unknown}
 j - 2 scrolls of enchant armour {unknown}
 m - a scroll of blinking {unknown}
 p - a scroll of enchant weapon {unknown}
Potions
 i - a potion of might {unknown}
 k - a potion of berserk rage {unknown}
 l - 2 potions of experience {unknown}
 n - 3 potions of curing {unknown}
 o - a potion of mutation {unknown}
 q - a potion of enlightenment {unknown}


   Skills:
 + Level 2.7 Fighting
 * Level 3.8 Short Blades
 - Level 1.7 Throwing
 + Level 3.2 Dodging


You had 3 spell levels left.
You didn't know any spells.
Your spell library was empty.

Dungeon Overview and Level Annotations

Branches:
Dungeon (3/15)

Altars:
Okawaru


Innate Abilities, Weirdness & Mutations

You have a pair of antennae on your head.


Message History

The adder completely misses you.
You barely miss the adder. The adder misses you.
The adder bites you but does no damage.
You puncture the adder!
The adder is severely wounded.
The adder barely misses you.
You hit the adder but do no damage.
The adder is severely wounded.
The adder bites you but does no damage.
You hit the adder.
You kill the adder!
You hit something. Something hits you but does no damage.
You miss something. You hit the orc wizard.
The orc wizard is moderately wounded.
Something hits you.
The orc wizard hits you with a +0 dagger.
You closely miss the orc wizard.
The orc wizard is moderately wounded.
You hear some strange, mumbled words.
A puff of flame appears from out of thin air!
The puff of flame hits you!
The orc wizard hits you but does no damage.
Something hits you.
You barely miss something. Something hits you.
The orc wizard hits you with a +0 dagger.
You barely miss something. Something hits you but does no damage.
The orc wizard hits you with a +0 dagger.
* * * LOW HITPOINT WARNING * * *
Something hits you but does no damage.
The orc wizard gestures wildly while chanting.
The orc wizard flickers and vanishes!
Something hits you but does no damage.
You hear some strange, mumbled words.
A puff of flame appears from out of thin air!
The puff of flame hits you!
* * * LOW HITPOINT WARNING * * *
You hear some strange, mumbled words.
A puff of flame appears from out of thin air!
The puff of flame hits you!
You die...

#...#.#
.######.######
<.....# .# ###.#
.†#...# .# #.).#
#.#...# #.# ##†###
#.#...#####.# # #o{#
..#.#.....#.##.###o##
###............#.{.#
# ###.###.#.####.###
# #.###...##..@# #
#.......##.###
#.####..#..##### #.#
#...........# ###
#.#>######... #.#.#
#.#.# #.#.# #.#.#


You could see an orc wizard and an orc.

Vanquished Creatures
  3 adders
  2 dart slugs
  2 orcs
  3 endoplasms
  3 giant cockroaches
  4 goblins
  3 hobgoblins
  5 quokkas
  7 ball pythons
  9 bats
  4 frilled lizards (D:1)
  3 kobolds
  5 rats
53 creatures vanquished.

Notes
Turn   | Place    | Note
-------+----------+-------------------------------------------
     0 | D:1      | Nedwor the Demonspawn Gladiator began the quest for the
                  | Orb.
     0 | D:1      | Reached XP level 1. HP: 16/16 MP: 1/1
   215 | D:1      | Discovered your monstrous ancestry.
   215 | D:1      | Gained mutation: You have a pair of small antennae on your
                  | head. [demonic ancestry]
   215 | D:1      | Reached XP level 2. HP: 22/22 MP: 2/2
   458 | D:1      | Found a faded altar of an unknown god.
   684 | D:2      | Gained mutation: You have a pair of antennae on your head.
                  | [demonic ancestry]
   684 | D:2      | Reached XP level 3. HP: 28/28 MP: 3/3
   750 | D:2      | Found an iron altar of Okawaru.
  1351 | D:3      | Reached XP level 4. HP: 33/34 MP: 4/4
  1457 | D:3      | HP: 1/34 [something/puff of flame (9)]
  1459 | D:3      | Killed from afar by an orc wizard

Illustrated notes

Levels and vault maps discovered:
D:1:      nagdon_arrival_double_spiral, layout_rooms,
          nicolae_ecumenical_lake_church, chequers_serial_rivers_room_b
D:2:      layout_loops_ring, basic_altar
D:3:      layout_basic, uniq_jessica

Skill      XL: |  1  2 |
---------------+-------+-----
Short Blades   | 3 |  3.8
Dodging        | 3 |  3.2
Fighting       | |  2.7
Throwing       | |  1.7

Action                     |  1- 3 |  4- 6 || total
---------------------------+-------+-------++-------
  Melee: Rapier            |   171 |    23 ||   194
         Punch             |     3 |       ||     3
    Use: Scroll            |     1 |       ||     1
 Armour: Leather armour    |    15 |       ||    15
         Ring mail         |    98 |    31 ||   129
  Dodge: Dodged            |   122 |    12 ||   134

Table legend: (Time is in decaauts)
 A = Elapsed time spent in this place.
 B = Non-inter-level travel time spent in this place.
 C = Inter-level travel time spent in this place.
 D = Time resting spent in this place.
 E = Time spent auto-exploring this place.
 F = Levels seen in this place.
 G = Mean time per level.
                   A        B        C        D        E       F      G
               +--------+--------+--------+--------+--------+-----+--------+
         Total |   1468 |   1423 |     45 |      0 |    961 |   3 |  489.3 |
       Dungeon |   1468 |   1423 |     45 |      0 |    961 |   3 |  489.3 |
               +--------+--------+--------+--------+--------+-----+--------+

Top non-repeatable levels by time:
     D:2: 710 daAuts
     D:1: 586 daAuts
     D:3: 171 daAuts
